 Dungeon Crawl Stone Soup version 0.21.1-1-g345015f (webtiles) character file.

658 letownia2 the Ruffian (level 7, -1/62 HPs)
             Began as a Troll Hunter on Feb 24, 2018.
             Was a Follower of Wu Jian.
             Slain by a gnoll sergeant
             ... wielding a +2 spear of freezing
              (9 damage)
             ... on level 7 of the Dungeon.
             The game lasted 00:07:20 (967 turns).

letownia2 the Ruffian (Troll Hunter)                 Turns: 967, Time: 00:07:21

Health: -1/62      AC:  5    Str: 21    XL:     7   Next: 30%
Magic:  6/6        EV: 10    Int:  7    God:    Wu Jian [*.....]
Gold:   117        SH:  0    Dex: 12    Spells: 6/6 levels left

rFire    . . .     SeeInvis .     - Unarmed
rCold    . . .     Gourm    +   (no shield)
rNeg     . . .     Faith    .   b - +0 robe
rPois    .         Spirit   .   (helmet restricted)
rElec    .         Reflect  .   (no cloak)
rCorr    .         Harm     .   (gloves unavailable)
MR       +....                  (boots unavailable)
Stlth    +.........             (no amulet)
HPRegen  0.60/turn              s - ring of protection from magic
MPRegen  0.10/turn              (no ring)

@: no status effects
A: large, unfitting armour, claws 3, fast metabolism 3, gourmand, regeneration
1, shaggy fur 1, tough skin 2
a: Renounce Religion


You were on level 7 of the Dungeon.
You worshipped Wu Jian.
Wu Jian was aware of your devotion.
You were very full.

You visited 1 branch of the dungeon, and saw 7 of its levels.

You collected 117 gold pieces.

Inventory:

Missiles
 c - 5 large rocks (quivered)
 d - 3 throwing nets
 i - 6 javelins
Armour
 b - a +0 robe (worn)
Jewellery
 s - a ring of protection from magic (left claw)
Wands
 t - a wand of paralysis (20)
 u - a wand of iceblast (1)
 v - a wand of digging (15)
Scrolls
 a - a scroll of immolation {unknown}
 e - a scroll of teleportation {unknown}
 g - a scroll of enchant armour {unknown}
 k - a scroll of amnesia {unknown}
 l - a scroll of magic mapping {unknown}
 n - 2 scrolls of fear {unknown}
 q - a scroll of identify {unknown}
 r - a scroll of fog {unknown}
Potions
 h - 2 potions of might {unknown}
 j - 3 potions of degeneration {unknown}
 o - a potion of brilliance {unknown}
 p - a potion of ambrosia {unknown}
Comestibles
 f - 7 rations
 m - 2 chunks of flesh


   Skills:
 - Level 1.5 Fighting
 - Level 3.6 Throwing
 - Level 1.5 Dodging
 - Level 0.3 Stealth
 + Level 7.9 Unarmed Combat


You had 6 spell levels left.
You didn't know any spells.

Dungeon Overview and Level Annotations

Branches:
Dungeon (7/15)             Temple (0/1) D:5

Altars:
Elyvilon
Gozag
Kikubaaqudgha
Wu Jian

Shops:
D:5 (*


Innate Abilities, Weirdness & Mutations

You are too large for most types of armour.
You have claws for hands.
Your metabolism is lightning-fast.
You like to eat raw meat.
Your natural rate of healing is unusually fast.
You are covered in fur. (AC +1)
You have very tough skin. (AC +2)


Message History

The gnoll sergeant hits you from afar with a spear of freezing.
The gnoll sergeant freezes you. The gnoll barely misses you.
You struggle against the net.
The gnoll sergeant hits you from afar with a spear of freezing!
The gnoll sergeant freezes you.
The gnoll hits you from afar with a spear.
You struggle against the net.
The gnoll sergeant hits you from afar with a spear of freezing.
The gnoll sergeant freezes you. The gnoll hits you but does no damage.
Unknown command.
You struggle against the net.
The gnoll sergeant hits you from afar with a spear of freezing!
* * * LOW HITPOINT WARNING * * *
The gnoll sergeant freezes you.
* * * LOW HITPOINT WARNING * * *
The gnoll barely misses you.
Unknown command.
You rip the net and break free!
The gnoll sergeant hits you from afar with a spear of freezing!
You die...

.....†)...#
#.#
.#####.####
#.#
######.#
#.#
....##.#
#.#
###.##.#
#.### ...
#...## #
#.. ##
###.†# #
#.#
....###.# #
#....@## .
#####..# .
##gg# .g...
#.......
#.........
#.........
#.........
#......=..


You could see a gnoll sergeant and 2 gnolls.

Vanquished Creatures
  A hippogriff (D:7)
  A centaur (D:5)
  A bullfrog (D:7)
  A scorpion (D:7)
  2 hounds
  An orc wizard (D:3)
  An iguana (D:4)
  2 worker ants
  5 gnolls (D:7)
  2 adders
  2 worms
  2 leopard geckos (D:4)
  12 orcs
  A goblin (D:2)
  2 hobgoblins
  7 jackals
  4 kobolds
  A quokka (D:2)
  A quokka skeleton (D:4)
  2 rats
51 creatures vanquished.

Notes
Turn   | Place    | Note
-------+----------+-------------------------------------------
     0 | D:1      | letownia2 the Troll Hunter began the quest for the Orb.
     0 | D:1      | Reached XP level 1. HP: 19/19 MP: 0/0
    20 | D:2      | Reached skill level 1 in Unarmed Combat
   127 | D:2      | Found an ornate altar of the Wu Jian Council.
   134 | D:2      | Reached skill level 2 in Unarmed Combat
   134 | D:2      | Reached XP level 2. HP: 23/27 MP: 1/1
   146 | D:2      | Became a worshipper of the Wu Jian Council
   408 | D:3      | Reached XP level 3. HP: 29/33 MP: 2/2
   410 | D:3      | Reached skill level 3 in Unarmed Combat
   424 | D:3      | Found an opulent altar of Gozag.
   443 | D:3      | Reached XP level 4. HP: 39/41 MP: 3/3
   487 | D:4      | Reached skill level 4 in Unarmed Combat
   624 | D:5      | Entered Level 5 of the Dungeon
   624 | D:5      | Found Ilioprec's Weapon Shop.
   635 | D:5      | Reached * piety under Wu Jian
   635 | D:5      | Reached XP level 5. HP: 41/48 MP: 4/4
   653 | D:5      | Noticed a centaur
   661 | D:5      | Killed a centaur
   661 | D:5      | Reached skill level 5 in Unarmed Combat
   668 | D:5      | Found a white marble altar of Elyvilon.
   720 | D:5      | Found Otuocetz's General Store.
   741 | D:5      | Found a staircase to the Ecumenical Temple.
   752 | D:4      | Reached skill level 6 in Unarmed Combat
   752 | D:4      | Reached XP level 6. HP: 55/55 MP: 5/5
   797 | D:5      | Found an ancient bone altar of Kikubaaqudgha.
   916 | D:7      | Noticed a hippogriff
   931 | D:7      | Killed a hippogriff
   931 | D:7      | Reached skill level 7 in Unarmed Combat
   931 | D:7      | Reached XP level 7. HP: 29/62 MP: 6/6
   967 | D:7      | Slain by a gnoll sergeant

Skill      XL: |  1  2  3  4  5  6 |
---------------+-------------------+-----
Unarmed Combat | 2 3 4 6 7 |  7.9
Fighting       | |  1.5
Throwing       | |  3.6
Dodging        | |  1.5
Stealth        | |  0.3

Action                   |  1- 3 |  4- 6 |  7- 9 || total
-------------------------+-------+-------+-------++-------
Melee: Unarmed           |    47 |    96 |     6 ||   149
       Punch             |     2 |     2 |       ||     4
Invok: Lunge             |     4 |     6 |     2 ||    12
       Whirlwind         |       |     4 |       ||     4
 Stab: Sleeping          |       |     2 |     1 ||     3
  Eat: Chunk             |     7 |     6 |     1 ||    14
Armor: Robe              |    14 |    38 |     1 ||    53
Dodge: Dodged            |    13 |    57 |     4 ||    74
